[Event "Titled Tuesday Blitz November 14 Early 2023"]
[White "Tarasova, Viktoriya"]
[Black "Hristodoulou, Panagiotis"]
[WhiteFideId "4175840"]
[BlackFideId "4214340"]
[WhiteElo "2367"]
[BlackElo "2627"]
[Result "0-1"]
[Round "2"]
[TimeControl "180+1"]
[Date "2023.11.14"]
[WhiteClock "0:00:00"]
[BlackClock "0:00:41"]
[Board "150"]

1. d4 Nf6 2. c4 e6 3. Nc3 Bb4 4. e3 O-O 5. Bd3 b6 6. Ne2 d5 7. cxd5 exd5 8. O-O Ba6 9. Bxa6 Nxa6 10. Qd3 Qc8 11. f3 c5 12. a3 Bxc3 13. bxc3 Re8 14. Ng3 Qb7 15. Re1 Rad8 16. Bb2 Qc8 17. e4 cxd4 18. cxd4 dxe4 19. fxe4 Nc5 20. Qf3 Na4 21. Rac1 Qg4 22. Ba1 Qxf3 23. gxf3 Rc8 24. Kf2 g6 25. Ne2 Nd7 26. Rxc8 Rxc8 27. Rc1 Rxc1 28. Nxc1 Kf8 29. Nd3 b5 30. Nb4 Nab6 31. Nc2 Ke7 32. Ke2 Nc4 33. Kd3 Kd6 34. Bc3 a5 35. a4 Kc6 36. d5+ Kb6 37. axb5 Nce5+ 38. Ke3 Kxb5 39. f4 Ng4+ 40. Kd4 Nxh2 41. Na3+ Ka6 42. Nc4 a4 43. e5 Ng4 44. e6 fxe6 45. dxe6 Ndf6 46. Ne5 Nxe5 47. Kxe5 Ne8 48. e7 Kb5 49. f5 gxf5 50. Kxf5 Kc4 51. Bh8 Kd5 52. Kg5 Ke6 53. Kh6 Kxe7 54. Kxh7 Ke6 55. Kg6 Nd6 56. Ba1 Kd5 57. Kg5 Ke4 58. Kg4 Kd3 59. Kf3 Kc2 60. Ke2 Nb5 61. Ke1 a3 62. Ke2 a2 63. Ke3 Nc3 64. Kd4 Na4 65. Kc4 Kb1 0-1


[Site "https://www.chess.com"]

[Event "Titled Tuesday Blitz November 14 Early 2023"]
[White "iJueles"]
[Black "Arslanov, Shamil"]
[BlackFideId "4192826"]
[WhiteElo "2367"]
[BlackElo "2610"]
[Result "0-1"]
[Round "2"]
[TimeControl "180+1"]
[Date "2023.11.14"]
[WhiteClock "0:00:50"]
[BlackClock "0:01:46"]
[Board "151"]

1. d4 e5 2. dxe5 d6 3. exd6 Bxd6 4. Nf3 Nc6 5. g3 Bg4 6. Bg2 Qe7 7. O-O O-O-O 8. Qe1 Nf6 9. c3 h5 10. Bg5 h4 11. Bxh4 Rxh4 12. Nxh4 g5 13. Nf3 Rh8 14. Nbd2 Qd7 15. Nxg5 Qf5 16. h4 Nh7 17. e4 Qg6 18. Nxh7 Rxh7 19. Qe3 Ne5 20. f4 Nd7 21. e5 Bc5 22. Qxc5 Nxc5 23. Rae1 Bf5 24. Re3 Rh8 25. Kh2 Rd8 26. Nf3 Ne4 27. Nd4 Nd2 28. Nxf5 Nxf1+ 29. Bxf1 Rd2+ 30. Kg1 Qxf5 0-1


[Site "https://www.chess.com"]

[Event "Titled Tuesday Blitz November 14 Early 2023"]
[White "Feuerstack, Aljoscha"]
[Black "Vigoa Apecheche, Yanira"]
[WhiteFideId "4681932"]
[BlackFideId "3507041"]
[WhiteElo "2608"]
[BlackElo "2364"]
[Result "1-0"]
[Round "2"]
[TimeControl "180+1"]
[Date "2023.11.14"]
[WhiteClock "0:00:19"]
[BlackClock "0:00:15"]
[Board "152"]

1. e4 c5 2. Nf3 Nc6 3. d3 g6 4. g3 Bg7 5. Bg2 d6 6. O-O e5 7. Bg5 f6 8. Be3 Nge7 9. c3 f5 10. Qb3 Qb6 11. Nbd2 Qxb3 12. axb3 Be6 13. Ng5 Bg8 14. Nc4 Rd8 15. exf5 Nxf5 16. Bxc6+ bxc6 17. Rxa7 d5 18. Na5 d4 19. cxd4 cxd4 20. Bd2 Bh6 21. Nxc6 Rc8 22. Nxe5 Rc2 23. Bf4 Bd5 24. Re1 O-O 25. Nxh7 Bxf4 26. Nxg6 Rfc8 27. Nf6# 1-0


[Site "https://www.chess.com"]

[Event "Titled Tuesday Blitz November 14 Early 2023"]
[White "Zarnicki, Pablo"]
[Black "Melikhov, Evgeny V."]
[WhiteFideId "100137"]
[BlackFideId "4122046"]
[WhiteElo "2606"]
[BlackElo "2364"]
[Result "0-1"]
[Round "2"]
[TimeControl "180+1"]
[Date "2023.11.14"]
[WhiteClock "0:00:58"]
[BlackClock "0:01:06"]
[Board "153"]

1. e4 e5 2. Nf3 Nc6 3. Nc3 Nf6 4. Bb5 Bb4 5. O-O O-O 6. Bxc6 dxc6 7. d3 Bd6 8. Ne2 c5 9. Ng3 Nd7 10. h3 f6 11. Nh2 Rf7 12. f4 exf4 13. Bxf4 Bxf4 14. Rxf4 Ne5 15. Qd2 Qd4+ 16. Kh1 c4 17. Nf3 Nxf3 18. Rxf3 Qxb2 19. Raf1 Be6 20. d4 Rd8 21. d5 c6 22. Qa5 b6 23. Qe1 cxd5 24. exd5 Bxd5 25. Re3 Qxc2 26. Nf5 Qxg2# 0-1


[Site "https://www.chess.com"]

[Event "Titled Tuesday Blitz November 14 Early 2023"]
[White "Janaszak, Dawid"]
[Black "Jakubowska, Anna"]
[WhiteFideId "1119206"]
[BlackFideId "1121952"]
[WhiteElo "2604"]
[BlackElo "2361"]
[Result "1-0"]
[Round "2"]
[TimeControl "180+1"]
[Date "2023.11.14"]
[WhiteClock "0:00:54"]
[BlackClock "0:00:12"]
[Board "154"]

1. Nc3 d5 2. d4 f5 3. Bf4 Nf6 4. e3 g6 5. h4 h6 6. Nf3 Be6 7. Ne5 Bf7 8. Nxf7 Kxf7 9. Bd3 c6 10. h5 g5 11. Be5 e6 12. g4 fxg4 13. Bg6+ Kg8 14. Qd3 Nbd7 15. Bg3 Qb6 16. O-O-O c5 17. dxc5 Bxc5 18. e4 d4 19. Na4 Qa5 20. Nxc5 Qxc5 21. Qxd4 Qxd4 22. Rxd4 Kf8 23. Rhd1 Nb6 24. Be5 Ke7 25. Bd6+ Kd7 26. Bf8+ Kc6 27. Bg7 Nfd7 28. Rd6+ Kc7 29. Bxh8 Rxh8 30. Rxe6 Rf8 31. Bf5 Nc5 32. Rxh6 Nc4 33. Rh7+ Kc6 34. b3 Ne5 35. h6 Nf7 36. Rg7 Nd6 37. h7 1-0


[Site "https://www.chess.com"]

[Event "Titled Tuesday Blitz November 14 Early 2023"]
[White "Statham_l3"]
[Black "Manon-og, Ramon Jr."]
[BlackFideId "5200776"]
[WhiteElo "2594"]
[BlackElo "2355"]
[Result "1-0"]
[Round "2"]
[TimeControl "180+1"]
[Date "2023.11.14"]
[WhiteClock "0:00:03"]
[BlackClock "0:00:03"]
[Board "155"]

1. e4 c5 2. Nf3 d6 3. d4 cxd4 4. Nxd4 Nf6 5. Nc3 a6 6. Be3 e5 7. Nb3 Be7 8. f3 O-O 9. Qd2 h5 10. O-O-O Be6 11. h3 a5 12. Bb5 Nc6 13. g4 h4 14. f4 exf4 15. Bxf4 Ne5 16. Nd4 a4 17. Nf5 a3 18. b3 Bxf5 19. exf5 Qa5 20. g5 Nh5 21. Nd5 Qxb5 22. Nxe7+ Kh8 23. Qf2 g6 24. Rd5 Qd7 25. Bxe5+ dxe5 26. Rxd7 Ng3 27. Rg1 Rad8 28. Rxd8 Rxd8 29. Rxg3 hxg3 30. Qxg3 Kg7 31. f6+ Kf8 32. Qh4 Ke8 33. Qa4+ Rd7 34. Qxa3 e4 35. Qc5 b6 36. Qe5 e3 37. Qxe3 Kd8 38. Qxb6+ Ke8 39. Qc6 Kd8 40. Qc8# 1-0


[Site "https://www.chess.com"]

[Event "Titled Tuesday Blitz November 14 Early 2023"]
[White "Jarocka, Liwia"]
[Black "aghasiyevkamal"]
[WhiteFideId "21807558"]
[WhiteElo "2346"]
[BlackElo "2577"]
[Result "1/2-1/2"]
[Round "2"]
[TimeControl "180+1"]
[Date "2023.11.14"]
[WhiteClock "0:00:21"]
[BlackClock "0:00:10"]
[Board "156"]

1. e4 e6 2. d4 d5 3. Nd2 Nf6 4. e5 Nfd7 5. Bd3 c5 6. c3 b6 7. Nh3 Ba6 8. Bxa6 Nxa6 9. O-O Nc7 10. Qg4 f5 11. exf6 Nxf6 12. Qe2 Bd6 13. Nf3 O-O 14. Bf4 Bxf4 15. Nxf4 Ne4 16. Nd3 c4 17. Nde5 Qd6 18. g3 b5 19. a3 a5 20. Nd2 Nf6 21. Ra2 b4 22. axb4 axb4 23. Rfa1 Rxa2 24. Rxa2 bxc3 25. bxc3 Nb5 26. Nb1 Ne4 27. Nxc4 Qc7 28. Ncd2 Nbxc3 29. Nxc3 Nxc3 30. Qxe6+ Kh8 31. Ra1 Qb7 32. Nf1 Qb2 33. Qe1 Ne2+ 34. Kh1 Nxd4 35. Ne3 h6 36. Nxd5 Qb7 37. Qe4 Nb3 38. Rb1 Rd8 39. Nc3 Qxe4+ 40. Nxe4 Nd4 41. Kg2 Ne6 42. Rb6 Re8 43. Nd6 Re7 44. Nf7+ Rxf7 45. Rxe6 Kh7 46. Re3 g5 47. h3 Kg6 48. Re6+ Kg7 49. Rd6 Re7 50. h4 gxh4 51. gxh4 Re4 52. Kg3 h5 53. f3 Ra4 54. Rc6 Rb4 55. Rc5 Kh6 56. Rc3 Rd4 57. f4 Rd1 58. f5 Rf1 59. Rc6+ Kg7 60. Rg6+ Kf7 61. Rg5 Kf6 62. Rxh5 Rxf5 63. Rh6+ Kg7 64. Rc6 Rf1 65. Kg4 Rg1+ 66. Kh5 Kh7 67. Rc7+ Rg7 68. Rxg7+ Kxg7 69. Kg5 Kh7 70. h5 Kg7 71. h6+ Kh7 72. Kh5 Kh8 73. Kg6 Kg8 74. h7+ Kh8 75. Kh6 1/2-1/2


[Site "https://www.chess.com"]

[Event "Titled Tuesday Blitz November 14 Early 2023"]
[White "Lymar, Vladislav"]
[Black "Garrido, Denis"]
[WhiteFideId "14162180"]
[BlackFideId "601217"]
[WhiteElo "2573"]
[BlackElo "2344"]
[Result "1-0"]
[Round "2"]
[TimeControl "180+1"]
[Date "2023.11.14"]
[WhiteClock "0:00:55"]
[BlackClock "0:00:16"]
[Board "157"]

1. d4 Nf6 2. c4 e6 3. Bf4 d5 4. cxd5 exd5 5. e3 Bd6 6. Bxd6 Qxd6 7. Bd3 O-O 8. Nc3 c6 9. h3 Re8 10. Qc2 Nbd7 11. Nf3 Nf8 12. O-O Ne6 13. Rab1 g6 14. b4 a6 15. Rfc1 Ng7 16. a4 Bf5 17. b5 axb5 18. axb5 Ra3 19. bxc6 bxc6 20. Bxf5 Nxf5 21. Rb6 Rea8 22. Nb5 Qb4 23. Qxc6 Ra1 24. g4 Rxc1+ 25. Qxc1 Ne7 26. Rxf6 Qxb5 27. Ne5 Rf8 28. Qc7 Qb4 29. Kg2 Kg7 30. Rb6 Qa5 31. Qxe7 Qxb6 32. Qxf8+ 1-0


[Site "https://www.chess.com"]

[Event "Titled Tuesday Blitz November 14 Early 2023"]
[White "Sharapov, Evgeny"]
[Black "patzersame"]
[WhiteFideId "14103133"]
[WhiteElo "2571"]
[BlackElo "2344"]
[Result "1-0"]
[Round "2"]
[TimeControl "180+1"]
[Date "2023.11.14"]
[WhiteClock "0:01:14"]
[BlackClock "0:00:12"]
[Board "158"]

1. c4 c6 2. Nc3 d5 3. cxd5 cxd5 4. d4 Nc6 5. Nf3 Nf6 6. Bf4 a6 7. e3 g6 8. Be2 Bg7 9. h3 O-O 10. O-O Re8 11. Ne5 Ne4 12. Nxe4 dxe4 13. Nxc6 bxc6 14. Rc1 Qb6 15. Qc2 Be6 16. b3 Bd5 17. Qc5 Qb7 18. Qa5 e5 19. dxe5 Bxe5 20. Bxe5 Rxe5 21. Qc3 Ree8 22. Bc4 a5 23. Bxd5 cxd5 24. Qd4 a4 25. bxa4 Ra5 26. Rc5 Rea8 27. Rxa5 Rxa5 28. Rc1 Qa8 29. Rc7 Rxa4 30. Qf6 Qf8 31. Rd7 Ra8 32. Rxd5 h5 33. Rd4 Kh7 34. Rxe4 Rxa2 35. Re7 Kg8 36. Rd7 Ra8 37. g4 hxg4 38. hxg4 Re8 39. g5 Qg7 40. Qxg7+ Kxg7 41. Rd5 Re4 42. Kg2 Rg4+ 43. Kf3 Ra4 44. e4 Rb4 45. Kf4 Ra4 46. f3 Rb4 47. Rd7 Rb3 48. Kg4 Rc3 49. e5 Kf8 50. f4 Ra3 51. Rd6 Rb3 52. Rf6 Kg7 53. Rd6 Kf8 54. Rd2 Ra3 55. Rf2 Rb3 56. Rf3 Rb4 57. Kg3 Rb5 58. Rc3 Rb4 59. Kf3 Ra4 60. Ke3 Rb4 61. Rd3 Ra4 62. Rd4 Ra5 63. Ke4 Ke7 64. Rc4 Rb5 65. Kd4 Ra5 66. Rb4 Ra1 67. Kd5 Rd1+ 68. Rd4 Rc1 69. Ke4 Re1+ 70. Kf3 Rf1+ 71. Ke2 Ra1 72. Kd3 Ra3+ 73. Kc4 Ra4+ 74. Kc5 Ra5+ 75. Kb6 Ra1 76. Rc4 Rb1+ 77. Kc7 Ke6 78. Rc6+ Ke7 79. Kc8 Rb4 80. Rf6 Rc4+ 81. Kb7 Ke8 82. Kb6 Ke7 83. Kb5 Re4 84. Kc5 Ke8 85. Kd5 Ra4 86. e6 Ra5+ 87. Ke4 Ra4+ 88. Kf3 fxe6 89. Rxg6 Kf7 90. Rf6+ Kg7 91. Ke3 Ra6 92. Ke4 Rb6 93. Ke5 Rb5+ 94. Kxe6 Rb4 95. Kf5 Rb5+ 96. Kg4 Rb1 97. Ra6 Rg1+ 98. Kf5 Rf1 99. Ra7+ Kf8 100. Ke5 Ke8 101. f5 Kf8 102. Kf6 Ke8 103. g6 Rg1 104. g7 Kd8 105. Ra8+ Kd7 106. g8=Q Rd1 107. Qe6+ Kc7 108. Rc8+ Kb7 109. Qc6+ Ka7 110. Ra8# 1-0


[Site "https://www.chess.com"]

[Event "Titled Tuesday Blitz November 14 Early 2023"]
[White "Pham, Le Thao Nguyen"]
[Black "Bogaudinov, Rushan"]
[WhiteFideId "12401226"]
[BlackFideId "4129288"]
[WhiteElo "2549"]
[BlackElo "2344"]
[Result "1/2-1/2"]
[Round "2"]
[TimeControl "180+1"]
[Date "2023.11.14"]
[WhiteClock "0:00:26"]
[BlackClock "0:00:29"]
[Board "159"]

1. d4 d5 2. Nf3 Nf6 3. Bf4 c6 4. e3 g6 5. h3 Bg7 6. Bd3 Nbd7 7. O-O O-O 8. Nbd2 b6 9. a4 Bb7 10. a5 c5 11. c3 c4 12. Bc2 bxa5 13. Ra2 Ne4 14. Nxe4 dxe4 15. Nd2 e5 16. dxe5 Nxe5 17. Nxe4 Nd3 18. Nd6 Ba6 19. Bg3 h5 20. h4 Bf6 21. Bxd3 cxd3 22. c4 Bxh4 23. Bxh4 Qxh4 24. Qxd3 Rad8 25. b3 Bb7 26. Rxa5 Bxg2 27. Kxg2 Qg4+ 28. Kh2 Qh4+ 29. Kg2 Qg4+ 30. Kh2 Qh4+ 31. Kg2 1/2-1/2


[Site "https://www.chess.com"]

[Event "Titled Tuesday Blitz November 14 Early 2023"]
[White "Degtiarev, Evgeny"]
[Black "Dushyant Sharma"]
[WhiteFideId "4149610"]
[BlackFideId "25065130"]
[WhiteElo "2336"]
[BlackElo "2547"]
[Result "1-0"]
[Round "2"]
[TimeControl "180+1"]
[Date "2023.11.14"]
[WhiteClock "0:00:21"]
[BlackClock "0:00:09"]
[Board "160"]

1. d4 d5 2. c4 e6 3. Nc3 c6 4. e3 f5 5. Bd3 Nf6 6. f4 Bd6 7. Nf3 O-O 8. O-O Ne4 9. Bd2 Nd7 10. c5 Bc7 11. b4 b6 12. Rb1 a5 13. b5 bxc5 14. bxc6 Ndf6 15. Bb5 cxd4 16. Nxd4 Bb6 17. Nxe4 Nxe4 18. a4 Qf6 19. Nf3 Nc3 20. Qc2 Nxb1 21. Rxb1 Ba6 22. Ne5 Bxb5 23. axb5 Qe7 24. Nd7 Rfb8 25. Nxb8 Rxb8 26. Qc3 Rd8 27. Kh1 d4 28. exd4 Rxd4 29. Be3 Rb4 30. Rd1 Bxe3 31. Qxe3 Rxb5 32. h3 h6 33. Rd7 Qe8 34. Qd4 Kh7 35. Qxg7# 1-0


[Site "https://www.chess.com"]

[Event "Titled Tuesday Blitz November 14 Early 2023"]
[White "Kornyukov, Alexey"]
[Black "Bettalli, Francesco"]
[WhiteFideId "4150457"]
[BlackFideId "2816453"]
[WhiteElo "2335"]
[BlackElo "2542"]
[Result "1-0"]
[Round "2"]
[TimeControl "180+1"]
[Date "2023.11.14"]
[WhiteClock "0:00:20"]
[BlackClock "0:01:45"]
[Board "161"]

1. e4 g6 2. d4 c6 3. Nc3 d5 4. e5 Bg7 5. Nf3 h5 6. Bf4 Nh6 7. Bd3 Bf5 8. Qd2 Nd7 9. O-O-O Nf8 10. Ng5 e6 11. h3 Bxd3 12. Qxd3 h4 13. Qf3 Nf5 14. g4 hxg3 15. fxg3 Bh6 16. h4 Nh7 17. Nxf7 Bxf4+ 18. Qxf4 Kxf7 19. g4 g5 20. Qf2 gxh4 21. gxf5 Qg5+ 22. Kb1 exf5 23. Rdg1 Qe7 24. Qxf5+ Ke8 25. Rg6 Nf8 26. Rf6 Qg7 27. e6 Rg8 28. Qh5+ Kd8 29. Rf7 Qg2 30. e7+ Ke8 31. exf8=Q+ Rxf8 32. Re1+ Kd8 33. Rxf8+ Kc7 34. Rxa8 h3 35. Qf7+ Kb6 36. Na4+ Ka6 37. Nc5+ Kb5 38. Qxb7+ Kc4 39. Qb3+ Kxd4 40. Qc3# 1-0


[Site "https://www.chess.com"]

[Event "Titled Tuesday Blitz November 14 Early 2023"]
[White "Lehtosaari, Mauri"]
[Black "MIss_MIaMI"]
[WhiteFideId "501999"]
[WhiteElo "2538"]
[BlackElo "2332"]
[Result "0-1"]
[Round "2"]
[TimeControl "180+1"]
[Date "2023.11.14"]
[WhiteClock "0:00:04"]
[BlackClock "0:00:17"]
[Board "162"]

1. d4 c5 2. d5 g6 3. Nc3 Bg7 4. e4 a6 5. a4 d6 6. h3 b6 7. Nf3 Nf6 8. Bf4 Nbd7 9. Be2 O-O 10. O-O Ne8 11. Nd2 Nc7 12. Bg3 Bb7 13. Bg4 Ne5 14. f4 Nxg4 15. Qxg4 f5 16. exf5 Rxf5 17. Nc4 Nxd5 18. Nxd5 Rxd5 19. f5 gxf5 20. Qf3 b5 21. Ne3 Bd4 22. Bf2 Bxe3 23. Bxe3 Qc8 24. Qg3+ Kh8 25. Bg5 Qg8 26. Qc3+ Rd4 27. Rf2 Qxg5 28. Re1 e5 29. Qe3 Qxe3 30. Rxe3 f4 31. Rb3 Bd5 32. Rc3 b4 33. Rd3 Rxd3 34. cxd3 Rg8 35. Kf1 Rg3 36. Ke2 c4 37. dxc4 Bxc4+ 38. Kd2 Bd5 39. Ke1 Rxg2 40. Rf1 Rg3 41. a5 Re3+ 42. Kd1 Rxh3 43. Kc1 Rd3 44. b3 Bxb3 45. Kb2 Rd4 46. Ka1 Bc4 47. Rc1 Kg7 48. Rg1+ Kf6 49. Rh1 f3 50. Rxh7 Rf4 51. Rh6+ Kg5 52. Rh8 f2 53. Rg8+ Kh4 54. Rh8+ Kg3 55. Rh3+ Kxh3 0-1


[Site "https://www.chess.com"]

[Event "Titled Tuesday Blitz November 14 Early 2023"]
[White "komogro"]
[Black "ChainedDowntohell"]
[WhiteElo "2332"]
[BlackElo "2537"]
[Result "0-1"]
[Round "2"]
[TimeControl "180+1"]
[Date "2023.11.14"]
[WhiteClock "0:00:00"]
[BlackClock "0:00:03"]
[Board "163"]

1. Nf3 g6 2. d4 Bg7 3. c4 c5 4. Nc3 cxd4 5. Nxd4 Nc6 6. Nc2 e6 7. g3 h5 8. h4 d5 9. cxd5 exd5 10. Nxd5 Nge7 11. Bg2 Nxd5 12. Qxd5 O-O 13. O-O Bf5 14. Qxd8 Rfxd8 15. e4 Be6 16. Bg5 Rd7 17. Rad1 Bxb2 18. Rxd7 Bxd7 19. Rb1 Bg7 20. Rxb7 Be6 21. a4 Na5 22. Rc7 Bb3 23. Ne3 Be5 24. Re7 f6 25. Nd5 Rf8 26. Bh6 Rf7 27. Re8+ Kh7 28. Be3 Bxa4 29. f4 Bxe8 30. fxe5 fxe5 31. Bf1 a6 32. Bxa6 Bc6 33. Bd3 Nb3 34. Bc4 Rb7 35. Bg5 Na5 36. Nf6+ Kg7 37. Bd5 Bxd5 38. exd5 Nc4 39. Ne4 Rb6 40. Kf2 Nd6 41. Nc5 Rb5 42. Ne6+ Kg8 43. Nc7 Rc5 44. Ne6 Rxd5 45. Ke3 Nf5+ 46. Ke4 Ra5 47. Nc7 Nxg3+ 0-1


[Site "https://www.chess.com"]

[Event "Titled Tuesday Blitz November 14 Early 2023"]
[White "Zaksaite, Salomeja"]
[Black "Kunin, Vitaly"]
[WhiteFideId "12801496"]
[BlackFideId "4128737"]
[WhiteElo "2332"]
[BlackElo "2533"]
[Result "1-0"]
[Round "2"]
[TimeControl "180+1"]
[Date "2023.11.14"]
[WhiteClock "0:00:15"]
[BlackClock "0:00:00"]
[Board "164"]

1. d4 h5 2. e4 h4 3. Nc3 d6 4. Be3 h3 5. Nxh3 Bxh3 6. gxh3 Nf6 7. Qf3 c6 8. e5 dxe5 9. dxe5 Nd5 10. e6 fxe6 11. O-O-O Qa5 12. Bc4 Nxc3 13. Bxe6 Nxa2+ 14. Kb1 Qh5 15. Qf4 Rh6 16. Bxa2 e5 17. Bf7+ Qxf7 18. Rd8+ Kxd8 19. Qxf7 Nd7 20. Bxh6 gxh6 21. Rd1 Kc7 22. Rxd7+ Kb6 23. Rxb7+ Kc5 24. b4+ Kd4 25. Rd7+ Ke4 26. f3+ Ke3 27. Rd3+ Ke2 28. Qf5 Rb8 29. Qe4+ Kf2 30. Qe3+ Kg2 31. Rd2+ Kxh3 32. f4+ Kg4 33. fxe5 Rxb4+ 34. Kc1 Rf4 35. Rg2+ Kf5 36. Rf2 Ba3+ 37. Kd1 Rxf2 38. Qxf2+ Kxe5 39. Qe3+ Kd5 40. Qxa3 c5 41. Qxa7 h5 42. Qh7 h4 43. Qxh4 c4 44. Qg4 Kc5 45. Kd2 Kd5 46. Ke3 c3 47. Kd3 Kc5 48. Kxc3 Kd5 49. Kd3 Ke5 50. Qd4+ Kf5 51. Ke3 Ke6 52. Kf4 Kf7 53. Kf5 Ke7 54. Qd5 Ke8 55. Kf6 1-0


[Site "https://www.chess.com"]

[Event "Titled Tuesday Blitz November 14 Early 2023"]
[White "Kochiev, Ivan"]
[Black "Lopez Del Alamo, Antonio"]
[WhiteFideId "2917890"]
[BlackFideId "2227339"]
[WhiteElo "2533"]
[BlackElo "2331"]
[Result "1-0"]
[Round "2"]
[TimeControl "180+1"]
[Date "2023.11.14"]
[WhiteClock "0:01:06"]
[BlackClock "0:01:24"]
[Board "165"]

1. e4 c5 2. Nf3 e6 3. d4 cxd4 4. Nxd4 Nf6 5. Nc3 Nc6 6. a3 d6 7. Be3 Be7 8. g4 O-O 9. g5 Nd7 10. h4 a6 11. Bd3 Qc7 12. f4 b5 13. f5 Nxd4 14. Bxd4 Ne5 15. f6 gxf6 16. gxf6 Bxf6 17. Rg1+ Kh8 18. Be3 Rb8 19. Qh5 Nxd3+ 20. cxd3 Bxc3+ 21. bxc3 Qxc3+ 22. Ke2 d5 23. Rac1 Qb2+ 24. Bd2 d4 25. Qh6 1-0


[Site "https://www.chess.com"]

[Event "Titled Tuesday Blitz November 14 Early 2023"]
[White "TimGrutter03"]
[Black "KorolDimitriy75"]
[WhiteElo "2530"]
[BlackElo "2330"]
[Result "0-1"]
[Round "2"]
[TimeControl "180+1"]
[Date "2023.11.14"]
[WhiteClock "0:00:15"]
[BlackClock "0:00:20"]
[Board "166"]

1. e4 c5 2. Nf3 d6 3. d4 cxd4 4. Qxd4 a6 5. Nc3 Nc6 6. Qd2 g6 7. b3 Bh6 8. Qd1 Bg7 9. Bb2 Qa5 10. Qd2 Nf6 11. Bd3 O-O 12. a3 Bg4 13. b4 Qc7 14. O-O-O Ne5 15. Qe2 Rfc8 16. Kb1 Nc4 17. Bxc4 Qxc4 18. Qxc4 Rxc4 19. Nd2 Rc7 20. f3 Be6 21. Na4 Nd7 22. Bxg7 Kxg7 23. Nb2 b5 24. Nb3 Rac8 25. Nd4 Nb6 26. Rd3 Bc4 27. Rc3 Ba2+ 28. Kxa2 Rxc3 29. Rd1 e5 30. Nb3 Rxc2 31. Na1 Rxg2 32. Rxd6 Nc4 0-1


[Site "https://www.chess.com"]

[Event "Titled Tuesday Blitz November 14 Early 2023"]
[White "subham777"]
[Black "Ramadoss, Ashokkumar"]
[BlackFideId "5040990"]
[WhiteElo "2530"]
[BlackElo "2330"]
[Result "0-1"]
[Round "2"]
[TimeControl "180+1"]
[Date "2023.11.14"]
[WhiteClock "0:00:02"]
[BlackClock "0:01:00"]
[Board "167"]

1. e4 e6 2. Nf3 d5 3. Nc3 dxe4 4. Nxe4 Bd7 5. d4 Bc6 6. Bd3 Nd7 7. Qe2 Ngf6 8. c3 Be7 9. O-O O-O 10. Ng3 Bxf3 11. Qxf3 c6 12. Bf4 Re8 13. Ne4 Nxe4 14. Qxe4 Nf6 15. Qe3 g6 16. Be5 Ng4 17. Qh3 Nxe5 18. dxe5 Qd5 19. Rfe1 Rad8 20. Bc2 Qd2 21. Rac1 Bc5 22. Qf3 Rd5 23. Red1 Qg5 24. g3 Red8 25. Bb3 Rd2 26. Rxd2 Rxd2 27. Rf1 Qxe5 28. Rd1 Rxf2 29. Qxf2 Bxf2+ 30. Kxf2 Kg7 31. Rd4 a5 32. Rd2 b5 33. Re2 Qc5+ 34. Kg2 a4 35. Bc2 Qd5+ 36. Be4 Qxa2 37. Kf2 c5 38. h4 h5 39. Kg2 a3 0-1


[Site "https://www.chess.com"]

[Event "Titled Tuesday Blitz November 14 Early 2023"]
[White "Josgar05"]
[Black "Kiremitciyan, Ari"]
[BlackFideId "6373445"]
[WhiteElo "2323"]
[BlackElo "2529"]
[Result "0-1"]
[Round "2"]
[TimeControl "180+1"]
[Date "2023.11.14"]
[WhiteClock "0:01:10"]
[BlackClock "0:00:08"]
[Board "168"]

1. Nf3 g6 2. d3 Bg7 3. g3 e5 4. Bg2 Ne7 5. c4 O-O 6. O-O c6 7. Nc3 d5 8. cxd5 cxd5 9. e4 d4 10. Nb1 Nbc6 11. Nbd2 h6 12. Nc4 b5 13. Ncd2 Be6 14. Nb3 Qd6 15. Bd2 a5 16. Rc1 a4 17. Nc5 Bxa2 18. h4 Rfc8 19. h5 g5 20. Bh3 Rc7 21. Nh2 Na5 22. Bb4 Nec6 23. Nb7 Qxb4 24. Nxa5 Rxa5 25. f4 gxf4 26. gxf4 Qd6 27. f5 Raa7 28. Ng4 f6 29. Nh2 Nb4 30. Nf3 Rxc1 31. Qxc1 Rc7 32. Qd1 Bb3 33. Qe1 Bf8 34. Kh1 Rg7 35. Qd2 Nc2 36. Nh4 Rg5 37. Nf3 Rxh5 38. Kg2 Ne3+ 39. Kg3 Rxh3+ 40. Kxh3 Nxf1 41. Qg2+ Kh8 42. Qxf1 Qe7 43. Nh4 Qg7 44. Qc1 Bf7 45. Qc6 Qg5 46. Qd7 Kg8 47. Qxb5 a3 48. bxa3 Bxa3 49. Qb8+ Bf8 50. Qb6 Qe3+ 51. Kh2 Qf4+ 52. Kh3 Qf1+ 53. Kh2 Qxd3 54. Qxf6 Qxe4 55. Ng6 Qe2+ 56. Kg3 Qe1+ 57. Kh3 Qh1+ 58. Kg3 Qg1+ 59. Kh3 Qf1+ 60. Kg3 Qd3+ 61. Kh2 Qe2+ 62. Kg3 Qe3+ 63. Kh2 Qf2+ 64. Kh3 Qf3+ 65. Kh2 Qh5+ 66. Kg1 Qg5+ 67. Qxg5 hxg5 68. Nxe5 Bd6 69. Nf3 d3 70. Kf2 g4 71. Ng5 g3+ 72. Ke3 Bd5 73. Kxd3 g2 74. Nh3 Bf3 75. Ke3 Bg4 76. Ng1 Bc5+ 77. Kf4 Bxf5 78. Kg3 Be4 79. Nh3 Bd5 80. Kh2 Bd6+ 81. Kg1 Bg3 82. Ng5 Bf4 83. Nh3 Be3+ 84. Kh2 Kg7 85. Ng1 Bxg1+ 86. Kxg1 Kg6 87. Kh2 Kg5 88. Kg1 Kf4 89. Kh2 Kf3 90. Kg1 Ke2 91. Kh2 Kf2 92. Kh3 g1=Q 93. Kh4 Qg6 94. Kh3 Qg3# 0-1


[Site "https://www.chess.com"]

[Event "Titled Tuesday Blitz November 14 Early 2023"]
[White "Umarov, Sabir"]
[Black "Yaksin, Oleg"]
[WhiteFideId "14200538"]
[BlackFideId "24105880"]
[WhiteElo "2321"]
[BlackElo "2529"]
[Result "0-1"]
[Round "2"]
[TimeControl "180+1"]
[Date "2023.11.14"]
[WhiteClock "0:00:00"]
[BlackClock "0:00:56"]
[Board "169"]

1. e4 c5 2. Nc3 Nc6 3. g3 g6 4. Bg2 Bg7 5. Nge2 d6 6. O-O Nf6 7. d3 O-O 8. f4 Rb8 9. h3 Nd7 10. f5 b5 11. g4 b4 12. Nd5 e6 13. Ne3 Nde5 14. c3 bxc3 15. bxc3 Ba6 16. Nf4 Qe7 17. Rf2 Bf6 18. d4 cxd4 19. cxd4 Nxd4 20. g5 Ndf3+ 21. Bxf3 Nxf3+ 22. Rxf3 Bxa1 23. f6 Qc7 24. Ba3 Be5 25. Ng4 Qb6+ 26. Kg2 Bb7 27. Nxe5 dxe5 28. Bxf8 Rxf8 29. Nd5 exd5 30. exd5 Qd6 31. Rd3 Rd8 32. Qe1 Bxd5+ 33. Kg1 e4 34. Rd4 Qc5 0-1


[Site "https://www.chess.com"]

[Event "Titled Tuesday Blitz November 14 Early 2023"]
[White "brm72"]
[Black "Goswami, Vedant"]
[BlackFideId "5003725"]
[WhiteElo "2529"]
[BlackElo "2321"]
[Result "1-0"]
[Round "2"]
[TimeControl "180+1"]
[Date "2023.11.14"]
[WhiteClock "0:00:06"]
[BlackClock "0:00:00"]
[Board "170"]

1. e4 Nc6 2. Nf3 e5 3. Bb5 a6 4. Ba4 Nf6 5. O-O b5 6. Bb3 Be7 7. Re1 O-O 8. h3 d6 9. c3 Na5 10. Bc2 c5 11. d4 Qc7 12. Nbd2 cxd4 13. cxd4 Nc6 14. Nf1 Bd7 15. Be3 Rfc8 16. Rc1 Qb7 17. Ng3 Bd8 18. Bb3 h6 19. dxe5 dxe5 20. Qd6 Be7 21. Qd3 Rd8 22. Qe2 Rac8 23. Red1 Be6 24. Bxe6 fxe6 25. Kh2 Qb8 26. Rxd8+ Nxd8 27. Ba7 Qb7 28. Rxc8 Qxc8 29. Nxe5 Bd6 30. f4 Bxe5 31. fxe5 Nd7 32. Bd4 Nc6 33. Qc2 Qb7 34. Qc3 b4 35. Qc4 Nxd4 36. Qxd4 Qc7 37. Qxb4 Qxe5 38. Qe7 Nf6 39. Qd8+ Kh7 40. Qd3 Nh5 41. b3 a5 42. a3 Qf4 43. b4 axb4 44. axb4 Qe5 45. Qf3 Nxg3 46. Qxg3 Qxe4 47. b5 Qd5 48. b6 e5 49. Qg4 Qc6 50. Qb4 Qb7 51. Qd6 Qe4 52. Qd2 Qc6 53. Qb2 Qc7 54. Kg1 Qb7 55. Kf2 e4 56. Ke3 h5 57. Qb4 Kh6 58. Qd6+ Kh7 59. Qd4 g5 60. Qxe4+ Qxe4+ 61. Kxe4 1-0


[Site "https://www.chess.com"]